Map: 乌雷纳

Players

shengy

  • Race: Zerg Zerg
  • League: Gold

电脑难度(新手) - Winner!

  • Race: Terran Terran

VOD

Have the link to the VOD?

Description

Time

  • Played on: Dec. 17, 2015, 1:46 a.m.
  • Length: 14:49
Show
View Real Time Build Order
Export as new Build Order

shengy Zerg 

Build Orders: Pool First 

Get SALT Encoding   

  12  0:03  Drone  
  13  0:17  Drone  
  14  0:30  Overlord  
  14  0:37  Spawning Pool  
  14  0:40  Drone  
  14  1:04  Drone x3  
  17  1:17  Drone  
  18  1:19  Hatchery  
  17  1:28  Drone  
  18  1:36  Drone  
  18  1:39  Queen  
  21  1:48  Overlord  
  21  1:58  Drone  
  22  2:14  Queen  
  24  2:20  Hatchery  
  23  2:57  Queen  
  25  3:17  Hatchery  
  24  3:24  Hatchery  
  23  3:37  Queen  
  25  3:47  Queen  
  27  4:18  Queen  
  29  6:36  Drone x2  
  29  6:37  Drone x3  
  29  6:38  Drone x10  
  29  6:39  Drone x9  
  54  6:40  Drone  
  54  7:08  Overlord x5  
  54  7:09  Overlord x3  
  54  7:12  Extractor  
  51  7:16  Extractor  
  50  7:59  Zergling x2  
  50  8:00  Zergling x6  
  50  8:01  Zergling x20  
  50  8:02  Zergling x18  
  50  8:03  Zergling x8  
  77  9:43  Drone  
  77  9:44  Drone x2  
  77  9:45  Drone x10  
  87  9:46  Drone x2  
  92  10:54  Queen  
Show
View Real Time Build Order
Export as new Build Order

电脑难度(新手) Terran - Winner!

Build Orders:  

Get SALT Encoding   

  12  0:00  SCV  
  13  0:13  SCV  
  14  0:20  Supply Depot  
  14  0:36  Refinery  
  14  0:45  Barracks  
  14  1:04  Supply Depot  
  14  1:13  Refinery  
  14  1:32  Orbital Command  
  14  1:33  Barracks Tech Lab  
  14  1:51  Marine  
  15  1:58  SCV  
  16  2:10  SCV  
  17  2:22  SCV  
  18  2:34  SCV  
  18  2:36  Marine  
  20  2:46  SCV  
  21  2:58  SCV  
  22  3:22  Marauder  
  24  6:03  SCV  
  24  6:38  SCV  
  24  6:39  Marine  
  26  6:40  Supply Depot  
  26  6:43  Factory  
  26  6:48  Command Center  
  26  6:50  SCV  
  27  7:02  SCV  
  27  7:04  Supply Depot  
  28  7:10  Marine  
  28  7:14  SCV  
  30  7:31  Starport  
  30  7:42  Marine  
  31  8:01  SCV  
  32  8:08  SCV  
  32  8:12  Starport Tech Lab, Refinery  
  33  8:15  Marine  
  33  8:16  Refinery, SCV  
  34  8:23  SCV  
  32  8:30  SCV  
  32  8:31  Raven  
  35  8:38  SCV  
  36  8:45  SCV  
  36  8:46  Marine  
  38  8:52  SCV  
  39  8:59  SCV  
  40  9:06  SCV  
  41  9:13  SCV  
  41  9:14  Raven  
  44  9:18  Marauder  
  44  9:21  SCV  
  47  9:28  SCV  
  48  9:35  SCV  
  49  9:42  SCV  
  50  9:50  SCV  
  51  11:28  SCV  
  51  12:11  Reaper  
  51  12:13  Supply Depot, Medivac  
  54  12:17  Command Center  
  47  12:43  Medivac, Marine  
  50  13:01  Marine  
  51  13:13  Raven  
  51  13:19  Reaper  
  54  13:38  Refinery  
  54  13:42  Refinery  
  54  13:51  Marauder  
  56  14:12  Marine  
  57  14:30  Marine  
  58  14:36  SCV  
Tags
 
League
Gold
Matchup
TvZ
Opening
Pool First
Add a new tag
Caveats
  • Supply blocks, unpowered buildings, or Contaminate may cause inaccurate times.
  • Supply counts are checked every 10 seconds.